AoeStats
← Zen_GSK

Arena

509210753Analyzed
1v1 RM · 7d ago on Sep 25, 2026· 47m 29s· 2 players
Game mode
Random Map
Map size
Tiny (2 player)
Population
200
Speed
Normal
Resources
Standard
Victory
Conquest
Starting age
Dark Age
Ending age
Imperial Age
RankedLock teamsTeams togetherTeam positionsShared explorationLock speedFull tech treeHidden civsTurbo modeCheats
Victory
Defeat
🇺🇸 Khmer · United States
539
+15
🇮🇳 Gurjaras · India
519
-15
Zen_GSK
11:05 Feudal Age
14:30 Bloodlines
14:32 Horse Collar
14:42 Double-Bit Axe
17:22 Wheelbarrow
21:39 Castle Age
21:04 Gold Mining
21:47 Forging
26:13 Kshatriyas
26:26 Husbandry
30:57 Scale Barding Armor
34:09 Arson
35:23 Hand Cart
36:23 Redemption
36:42 Scale Mail Armor
37:18 Iron Casting
37:31 Chain Barding Armor
38:21 Heavy Plow
40:47 Chain Mail Armor
43:21 Imperial Age
41:06 Stone Mining
43:14 Man-at-Arms
44:34 Long Swordsman
45:55 Two-Handed Swordsman
Jugo_De_Sandilla
12:23 Feudal Age
15:09 Castle Age
14:02 Double-Bit Axe
14:00 Horse Collar
17:32 Wheelbarrow
18:20 Stone Mining
19:24 Hand Cart
23:06 Scale Barding Armor
23:59 Gold Mining
24:40 Forging
26:00 Iron Casting
26:29 Husbandry
28:24 Stone Shaft Mining
29:50 Bow Saw
30:04 Chain Barding Armor
34:39 Imperial Age
36:21 Elite Battle Elephant
37:40 Plate Barding Armor
38:05 Blast Furnace
38:00 Elite Ballista Elephant
39:47 Conscription
40:37 Gold Shaft Mining
41:27 Tusk Swords
Connection lost

Rejoining the realm…

Still unreachable

The connection could not be restored.

Session expired

The server has moved on; the page needs a fresh start.